 Dungeon Crawl Stone Soup version 0.29.1-1-gd02db6906a (webtiles) character file.

Game seed: 7390565568436475317

54 Senryu the Digger (level 3, -5/15 HPs)
             Began as a Felid Earth Elementalist on Sept 21, 2022.
             Slain by an iguana (13 damage)
             ... on level 4 of the Dungeon on Sept 22, 2022.
             The game lasted 00:06:13 (769 turns).

Senryu the Digger (Felid Earth Elementalist)         Turns: 769, Time: 00:06:14

Health: -5/15      AC:  1    Str:  4    XL:     3   Next: 66%
Magic:  1/7        EV: 18    Int: 18    God:
Gold:   41         SH:  0    Dex: 22    Spells: 1/7 levels left
                                        Lives:  0   Deaths: 0

rFire   . . .      SeeInvis +   (weapon unavailable)
rCold   . . .      Faith    .   (shield unavailable)
rNeg    . . .      Spirit   .   (body armour unavailable)
rPois   .          Reflect  .   (helmet unavailable)
rElec   .          Harm     .   (cloak unavailable)
rCorr   .          Rampage  .   (gloves unavailable)
Will    .....                   (boots unavailable)
Stlth   +++.......              c - amulet of regeneration
HPRegen 0.85/turn               d - +6 ring of dexterity
MPRegen 0.10/turn               (no ring)

@: quick
A: very small, claws 1, fangs 3, see invisible, speed 1, shaggy fur 1, stealthy
paws, no weapons or thrown items, no armour, multi-lived
a: no special abilities


You were on level 4 of the Dungeon.
You visited 1 branch of the dungeon, and saw 4 of its levels.

You collected 41 gold pieces.

Inventory:

Jewellery
 c - an amulet of regeneration (around neck)
 d - a +6 ring of dexterity (left paw)
Wands
 a - a wand of iceblast (4)
Scrolls
 f - a scroll of amnesia
 g - 3 scrolls of silence {unknown}
Potions
 b - a potion of curing {unknown}
 e - a potion of haste


   Skills:
 * Level 0.5 Fighting
 * Level 3.0 Dodging
 * Level 3.0 Stealth
 * Level 0.6 Unarmed Combat
 * Level 2.5 Spellcasting
 * Level 1.8 Transmutations
 * Level 3.2 Earth Magic


You had one spell level left.
You knew the following spells:

 Your Spells              Type           Power      Damage    Failure   Level
a - Sandblast             Erth           26%        2d8       4%          1
b - Passwall              Tmut/Erth      9%         N/A       10%         2
c - Stone Arrow           Conj/Erth      16%        3d8       26%         3

Your spell library contained the following spells:

 Spells                   Type           Power      Damage    Failure   Level
 Petrify                  Tmut/Erth      11%        N/A       52%         4
 Conjure Ball Lightning   Conj/Air       1%         3x3d6     100%        6
 Discord                  Hex            1%         N/A       100%        8
 Disjunction              Tloc           1%         N/A       100%        8


Dungeon Overview and Level Annotations

Branches:
Dungeon (4/15)
 Temple: D:4-7

Altars:


Innate Abilities, Weirdness & Mutations

You have sharp claws.
You have razor-sharp teeth.
You have supernaturally acute eyesight. (SInv)
You cover ground quickly. (Speed+)
You are covered in fur. (AC +1)
Your paws help you pounce on unaware monsters.
You are incapable of wielding weapons or throwing items.
You cannot wear armour.
You gain extra lives every three experience levels.


Message History

The iguana barely misses you.
You scratch the iguana but do no damage.
You bite the iguana, but do no damage. The iguana closely misses you.
Aiming: Stone Arrow (astonishingly dangerous; 26% risk of failure)
Press: ? - help, Q - select action, (/) - cycle Shift-Dir - straight line, f - iguana
Aim: an iguana (69% to hit)
The stone arrow hits the iguana!
The iguana is almost dead.
The iguana bites you!
Ouch! That really hurt!
Unknown command.
Casting: Stone Arrow (astonishingly dangerous; 26% risk of failure)
Confirm with . or Enter, or press ? or * to list all spells.
Aiming: Sandblast (safe; 4% risk of failure)
Press: ? - help, Shift-Dir - straight line, f/p - iguana
Aim: an iguana (almost dead, 84% to hit)
The blast of sand hits the iguana but does no damage.
The iguana is almost dead.
The iguana misses you. The iguana bites you.
Unknown command.
Casting: Sandblast (safe; 4% risk of failure)
Confirm with . or Enter, or press ? or * to list all spells.
Aiming: Sandblast (safe; 4% risk of failure)
Press: ? - help, Shift-Dir - straight line, f/p - iguana
Aim: an iguana (almost dead, 84% to hit)
The blast of sand hits the iguana but does no damage.
The iguana is almost dead.
The iguana closely misses you.
Unknown command.
Casting: Sandblast (safe; 4% risk of failure)
Confirm with . or Enter, or press ? or * to list all spells.
Aiming: Sandblast (safe; 4% risk of failure)
Press: ? - help, Shift-Dir - straight line, f/p - iguana
Aim: an iguana (almost dead, 84% to hit)
The blast of sand hits the iguana.
The iguana is almost dead.
The iguana hisses menacingly.
The iguana barely misses you. The iguana bites you!
Ouch! That really hurt!
You die...

## #.# ..# #.# #
#.# #.# #.#.#
#.# ###.#.## #.#
.......#####.# #
#........#
.#.##"#..#######
.......@.#
.#.##.#l.# #
#..# ...# .####
. #


You could see an iguana.

Vanquished Creatures
  Ijyb (D:3)
  4 dart slugs
  2 bats
  3 endoplasms
  A goblin (D:3)
  A hobgoblin (D:3)
  2 jackals (D:1)
  2 quokkas
  A ball python (D:1)
  2 frilled lizards
  2 rats
21 creatures vanquished.

Notes
Turn   | Place    | Note
-------+----------+-------------------------------------------
     0 | D:1      | Senryu the Felid Earth Elementalist began the quest for the
                  | Orb.
     0 | D:1      | Reached XP level 1. HP: 7/7 MP: 4/4
   144 | D:1      | Found a faded altar of an unknown god.
   208 | D:1      | Reached XP level 2. HP: 10/11 MP: 1/6
   211 | D:1      | Learned a level 2 spell: Passwall
   483 | D:3      | Noticed Ijyb
   526 | D:3      | Killed Ijyb
   527 | D:3      | Reached XP level 3. HP: 13/15 MP: 0/7
   540 | D:3      | Learned a level 3 spell: Stone Arrow
   769 | D:4      | Slain by an iguana

Illustrated notes

Levels and vault maps discovered:
D:1:      tarquinn_simple_flora_water_a, layout_loops_corners,
          dreamdust_ecumenical_altar_angels_and_demons
D:2:      layout_loops_ring, uniq_robin
D:3:      layout_basic, st_stairs_14, uniq_ijyb, uniq_crazy_yiuf_cottage
D:4:      layout_loops_ring, uniq_sigmund

Skill      XL: |  1  2 |
---------------+-------+-----
Earth Magic    | 3 |  3.2
Dodging        | 3 |  3.0
Stealth        | 3 |  3.0
Fighting       | |  0.5
Unarmed Combat | |  0.6
Spellcasting   | |  2.5
Transmutations | |  1.8

Action                   || total
-------------------------++-------
Melee: Unarmed           ||    54
       Bite              ||     6
       Punch             ||     1
 Cast: Sandblast         ||    25
       Stone Arrow       ||     3
  Use: Scroll            ||     2
       Potion            ||     2
 Stab: Sleeping          ||     4
Armor: Skin              ||     2
Dodge: Dodged            ||    58
